 Dungeon Crawl Stone Soup version 0.26.0-10-g1f06aea511 (webtiles) character file.

Game seed: 8520351580603719297

18 sanka the Magician (level 2, -1/19 HPs)
             Began as a Barachi Hedge Wizard on Jan 22, 2021.
             Slain by a hobgoblin (3 damage)
             ... on level 1 of the Dungeon.
             The game lasted 00:01:25 (798 turns).

sanka the Magician (Barachi Hedge Wizard)            Turns: 798, Time: 00:01:25

Health: -1/19      AC:  2    Str: 11    XL:     2   Next: 70%
Magic:  1/7        EV: 12    Int: 14    God:
Gold:   42         SH:  0    Dex: 11    Spells: 6/9 levels left

rFire    . . .     SeeInvis .   a - +0 dagger
rCold    . . .     Faith    .   (no shield)
rNeg     . . .     Spirit   .   b - +0 robe
rPois    .         Reflect  .   c - +0 hat
rElec    .         Harm     .   (no cloak)
rCorr    .         Rampage  .   (no gloves)
Will     .....                  (no boots)
Stlth    ++........             (no amulet)
HPRegen  0.06/turn              (no ring)
MPRegen  0.10/turn              (no ring)

@: slow
A: +LOS, swims, slowness 1, strong legs 1
a: Hop


You were on level 1 of the Dungeon.
You visited 1 branch of the dungeon, and saw 1 of its levels.

You collected 42 gold pieces.


Innate Abilities, Weirdness & Mutations

You can be seen from farther away. (+LOS)
You can swim through water.
You cover ground slowly.
You can hop short distances.


   Skills:
 - Level 2.1 Dodging
 - Level 1.7 Stealth
 - Level 4.0 Spellcasting
 + Level 1.4 Conjurations
 + Level 1.5 Summonings
 - Level 1.1 Translocations


You had 6 spell levels left.
You knew the following spells:

 Your Spells              Type           Power        Failure   Level
x - Call Imp              Summ           7%           16%         2
z - Magic Dart            Conj           24%          11%         1

Your spell library contained the following spells:

 Spells                   Type           Power        Failure   Level
 Blink                    Tloc           N/A          19%         2
 Slow                     Hex            2%           28%         2
 Conjure Flame            Conj/Fire      4%           41%         3
 Mephitic Cloud           Conj/Pois/Air  4%           43%         3

Inventory:

Hand Weapons
 a - a +0 dagger (weapon)
Armour
 b - a +0 robe (worn)
 c - a +0 hat (worn)
Scrolls
 f - a scroll of identify {unknown}
 g - a scroll of random uselessness {unknown}
Potions
 d - a potion of cancellation {unknown}
 e - a potion of attraction {unknown}

Dungeon Overview and Level Annotations

Branches:
Dungeon (1/15)

Altars:

▒▒▒▒▒▒▒▒▒▒.▒ ▒ ...........▒
▒▒▒▒▒▒▒▒▒
▒▒▒.....▒..▒▒▒▒▒▒▒▒..[.....
........▒.......▒▒.▒.......
▒▒......▒..▒▒▒▒..▒..▒.....▒
▒▒......#..▒ ▒..▒...▒...▒.
..........g▒ ▒▒.▒....▒.▒..
.▒.....▒▒▒g▒ ▒▒▒.▒...▒...
▒..▒.▒ ▒F▒▒▒▒▒▒▒..▒.▒.▒.▒
▒..▒.▒ ▒...........▒...▒.
▒....▒▒▒▒.▒▒▒▒▒▒▒..▒.▒...▒
▒▒▒.▒............▒.....▒...
▒.....†▒▒▒.▒▒▒▒▒▒▒.....▒▒..
▒....▒.▒.▒▒▒▒.▒ ▒....▒..▒.
▒▒▒▒.▒..▒.....▒ ▒...▒....▒
▒.▒.▒▒▒.▒▒.▒ ▒..▒......
▒..▒▒ ▒▒...▒ ▒.▒......▒


You could see 2 hobgoblins.


Message History

The hobgoblin barely misses you. The hobgoblin barely misses you.
The hobgoblin hits you with a +0 club.
* * * LOW HITPOINT WARNING * * *
The hobgoblin closely misses you. The hobgoblin misses you.
The hobgoblin closely misses you. The hobgoblin closely misses you.
A beastly little devil appears in a puff of flame.
The hobgoblin hits you with a +0 club.
* * * LOW HITPOINT WARNING * * *
Your crimson imp barely misses the hobgoblin.
You hit the hobgoblin but do no damage. The hobgoblin closely misses you.
Your crimson imp hits the hobgoblin.
You hit the hobgoblin but do no damage.
The hobgoblin is moderately wounded.
You hit the hobgoblin but do no damage.
The hobgoblin is moderately wounded.
The hobgoblin hits you but does no damage.
You hit the hobgoblin.
The hobgoblin is heavily wounded.
The hobgoblin misses you. The hobgoblin hits you.
* * * LOW HITPOINT WARNING * * *
You barely miss the hobgoblin. The hobgoblin barely misses you.
You hit the hobgoblin but do no damage. The hobgoblin hits you.
You die...

Action                   || total
-------------------------++-------
Melee: Dagger            ||    17
 Cast: Magic Dart        ||    39
       Call Imp          ||     1
Armor: Robe              ||     2
Dodge: Dodged            ||    20

Levels and vault maps discovered:
D:1:      matt_arrival_diagonals, layout_loops_ring, minmay_tromino_v4_a

Notes
Turn   | Place    | Note
-------+----------+-------------------------------------------
     0 | D:1      | sanka the Barachi Hedge Wizard began the quest for the Orb.
     0 | D:1      | Reached XP level 1. HP: 13/13 MP: 4/4
   177 | D:1      | Reached XP level 2. HP: 13/19 MP: 0/6
   430 | D:1      | Learned a level 2 spell: Call Imp
   434 | D:1      | Reached skill level 4 in Spellcasting
   798 | D:1      | Slain by a hobgoblin

Vanquished Creatures
  2 dart slugs (D:1)
  A leopard gecko (D:1)
  2 goblins (D:1)
  2 hobgoblins (D:1)
  3 kobolds (D:1)
  3 bats (D:1)
13 creatures vanquished.

Table legend: (Time is in decaauts)
 A = Elapsed time spent in this place.
 B = Non-inter-level travel time spent in this place.
 C = Inter-level travel time spent in this place.
 D = Time resting spent in this place.
 E = Time spent auto-exploring this place.
 F = Levels seen in this place.
 G = Mean time per level.
                   A        B        C        D        E       F      G
               +--------+--------+--------+--------+--------+-----+--------+
         Total |    851 |    851 |      0 |    447 |    258 |   1 |  851.0 |
       Dungeon |    851 |    851 |      0 |    447 |    258 |   1 |  851.0 |
               +--------+--------+--------+--------+--------+-----+--------+

Top non-repeatable levels by time:
     D:1: 851 daAuts
